[Event "January 2 Late 2024"]
[Site "https://www.chess.com"]
[Date "2024.01.02"]
[Round "1"]
[White "Goncalves, Davi Sulzbacher"]
[Black "Kollars, Dmitrij"]
[Result "0-1"]
[Board "24"]
[TimeControl "180+1"]
[WhiteFideId "2154510"]
[BlackFideId "12909572"]
[WhiteElo "2502"]
[BlackElo "3000"]
[WhiteTeam "BRA"]
[BlackTeam "GER"]
[WhiteClock "0:00:02"]
[BlackClock "0:00:11"]

1. d4 d5 2. c4 e6 3. Nf3 Nf6 4. g3 Bb4+ 5. Bd2 a5 6. Bg2 O-O 7. O-O dxc4 8. Qc2 Bxd2 9. Nbxd2 b5 10. a4 c6 11. e4 Na6 12. e5 Nb4 13. Qb1 Nfd5 14. Ne4 h6 15. Rd1 Qb6 16. h4 Bb7 17. h5 Nd3 18. b3 N5b4 19. bxc4 bxc4 20. Nd6 Rad8 21. Nxc4 Qa6 22. Nd6 Rxd6 23. exd6 c5 24. Ne5 Bxg2 25. Kxg2 c4 26. d7 f6 27. Nxd3 cxd3 28. Qb3 Rd8 29. Re1 Kf7 30. Re3 Nc2 31. Qxd3 Qxd3 32. Rxd3 Nxa1 33. Ra3 Nc2 34. Rc3 Nxd4 35. Rc5 Rxd7 36. Rxa5 e5 37. Rc5 Ra7 38. a5 Nb3 39. Rc3 Nxa5 40. f4 Re7 41. f5 Nb7 42. Kf3 Nd6 43. g4 Nb5 44. Rc4 e4+ 45. Ke3 Nc7 46. Rc5 Ne8 47. Rc6 Kf8 48. Rb6 Re5 49. Rc6 Ke7 50. Rb6 Nd6 51. Rc6 Kd7 52. Ra6 Nc4+ 53. Ke2 Rc5 54. Ra7+ Rc7 55. Ra4 Nd6 56. Rd4 Rc2+ 57. Ke3 Rc3+ 58. Ke2 Rc4 59. Rd5 e3 60. Kf3 e2 61. Kxe2 Rxg4 62. Ra5 Rg5 63. Ke3 Kc6 64. Ra6+ Kc5 65. Ra5+ Kb6 66. Rd5 Nxf5+ 67. Kf4 Ne7 68. Rd7 Nc6 69. Rf7 Ne5 70. Rd7 Nxd7 0-1

[Event "January 2 Late 2024"]
[Site "https://www.chess.com"]
[Date "2024.01.02"]
[Round "1"]
[White "Van Foreest, Jorden"]
[Black "xakevicius91"]
[Result "1-0"]
[Board "25"]
[TimeControl "180+1"]
[WhiteFideId "1039784"]
[WhiteElo "2998"]
[BlackElo "2502"]
[WhiteTeam "NED"]
[WhiteClock "0:02:04"]
[BlackClock "0:00:01"]

1. d4 Nf6 2. c4 e6 3. Nf3 b6 4. Nc3 Bb4 5. e3 O-O 6. Bd3 d5 7. O-O dxc4 8. Bxc4 c5 9. Qe2 cxd4 10. exd4 Bb7 11. Rd1 Nbd7 12. d5 exd5 13. Nxd5 Nxd5 14. Bxd5 Bxd5 15. Rxd5 Qc7 16. a3 Nf6 17. Rd1 Rfe8 18. Be3 Bc5 19. Qc2 Rxe3 20. b4 Rxf3 21. gxf3 Bd6 22. Qxc7 Bxc7 23. Rac1 Bf4 24. Rc6 h5 25. Rd4 Be5 26. Rdc4 Rd8 27. Rc8 Rxc8 28. Rxc8+ Kh7 29. Ra8 Nd5 30. Rxa7 Nc3 31. Rxf7 Kg6 32. Ra7 b5 33. Ra6+ Kf5 34. h3 Nb1 35. a4 bxa4 36. Rxa4 Nc3 37. Ra5 Kf4 38. b5 Bc7 39. Ra7 Bb6 40. Rxg7 Nd5 41. Rf7+ Ke5 42. Kf1 h4 43. Rh7 Kf4 44. Rxh4+ Kxf3 45. Rh5 Ke4 46. Rh6 Ke5 47. h4 Ke4 48. h5 Bd4 49. Rd6 Bc5 50. Re6+ Kf5 51. Rc6 Bd4 52. h6 Nf4 53. h7 1-0

[Event "January 2 Late 2024"]
[Site "https://www.chess.com"]
[Date "2024.01.02"]
[Round "1"]
[White "Wartiovaara, Oliver"]
[Black "Le, Tuan Minh"]
[Result "0-1"]
[Board "26"]
[TimeControl "180+1"]
[WhiteFideId "513024"]
[BlackFideId "12401153"]
[WhiteElo "2501"]
[BlackElo "2997"]
[WhiteTeam "FIN"]
[BlackTeam "VIE"]
[WhiteClock "0:00:04"]
[BlackClock "0:00:09"]

1. c4 c6 2. g3 g6 3. Bg2 Bg7 4. Nc3 Nf6 5. e4 O-O 6. d3 e5 7. Nge2 d6 8. O-O Ne8 9. f4 f5 10. Be3 Be6 11. Qd2 Nd7 12. Rad1 Qc7 13. b3 Nef6 14. h3 Rae8 15. exf5 Bxf5 16. fxe5 dxe5 17. Ne4 Nxe4 18. dxe4 Be6 19. Rxf8+ Bxf8 20. Kh2 a5 21. Nc3 Nc5 22. Bh6 Bxh6 23. Qxh6 Qe7 24. Qe3 Bf7 25. h4 Ne6 26. Bh3 Nd4 27. Ne2 c5 28. Nc3 Rf8 29. Rf1 Kg7 30. Nb5 Bg8 31. Rxf8 Qxf8 32. Nxd4 cxd4 33. Qe2 Qb4 34. Kg2 Qc3 35. Bc8 b6 36. Kf2 d3 37. Qe1 d2 38. Qd1 Qd3 39. Bg4 a4 40. bxa4 Bxc4 41. Be2 Qd4+ 42. Kf1 Bxa2 43. Bb5 Be6 44. Bc6 Bh3+ 45. Ke2 Bg4+ 0-1

[Event "January 2 Late 2024"]
[Site "https://www.chess.com"]
[Date "2024.01.02"]
[Round "1"]
[White "Iturrizaga Bonelli, Eduardo"]
[Black "Makaraci, Tunahan"]
[Result "1-0"]
[Board "27"]
[TimeControl "180+1"]
[WhiteFideId "3901211"]
[BlackFideId "6356559"]
[WhiteElo "2995"]
[BlackElo "2501"]
[WhiteTeam "ESP"]
[BlackTeam "TUR"]
[WhiteClock "0:01:39"]
[BlackClock "0:00:10"]

1. c4 e6 2. Nf3 Nf6 3. g3 d5 4. Bg2 c5 5. O-O Nc6 6. cxd5 exd5 7. d4 Be7 8. Nc3 O-O 9. dxc5 Bxc5 10. a3 a6 11. b4 Ba7 12. Bb2 Bg4 13. Rc1 Re8 14. Na4 Ne4 15. Qd3 Bf5 16. Qb3 Bg4 17. Rcd1 Nxf2 18. Rxf2 Rxe2 19. Nc5 Qe7 20. Rxe2 Qxe2 21. Re1 Qb5 22. Qxd5 Rd8 23. Ng5 Be6 24. Rxe6 1-0

[Event "January 2 Late 2024"]
[Site "https://www.chess.com"]
[Date "2024.01.02"]
[Round "1"]
[White "N_Mullodzhanov"]
[Black "Svane, Rasmus"]
[Result "0-1"]
[Board "28"]
[TimeControl "180+1"]
[BlackFideId "4657101"]
[WhiteElo "2500"]
[BlackElo "2992"]
[BlackTeam "GER"]
[WhiteClock "0:00:45"]
[BlackClock "0:00:22"]

1. e4 c6 2. Nc3 d5 3. Nf3 dxe4 4. Nxe4 Nf6 5. Nxf6+ exf6 6. d4 Bd6 7. Bd3 O-O 8. O-O Re8 9. h3 Nd7 10. Be3 Nf8 11. c3 Be6 12. Qc2 Ng6 13. Rae1 Qd7 14. Bxg6 hxg6 15. Bc1 g5 16. c4 Bxh3 17. gxh3 Qxh3 18. Qd3 Bh2+ 19. Kh1 Bd6+ 20. Kg1 g4 21. Ne5 fxe5 22. Qxh3 gxh3 23. c5 Bc7 24. Be3 Rad8 25. dxe5 Bxe5 26. Bg5 f6 27. Bh4 Bxb2 28. Rxe8+ Rxe8 29. Rb1 Re2 30. Kh2 b6 31. cxb6 axb6 32. Kxh3 Bd4 33. Kg2 Rxa2 34. Rb4 Rd2 35. Bg3 Kf7 36. Kf3 Ke6 37. Rb1 b5 38. Re1+ Kd5 39. Re7 g5 40. Kg4 b4 41. Kf5 b3 42. Rb7 b2 43. f4 gxf4 44. Bxf4 Rd1 45. Be3 b1=Q+ 46. Rxb1 Rxb1 47. Bh6 c5 48. Kf4 c4 49. Kf3 c3 50. Ke2 Ke4 51. Bf8 f5 52. Bc5 Rb2+ 53. Kd1 Bxc5 54. Ke1 f4 55. Kf1 f3 56. Ke1 Be3 57. Kd1 Kd3 58. Ke1 Rb1# 0-1

[Event "January 2 Late 2024"]
[Site "https://www.chess.com"]
[Date "2024.01.02"]
[Round "1"]
[White "Salem, A.R. Saleh"]
[Black "Dobre, Claudiu-Cristian"]
[Result "1-0"]
[Board "29"]
[TimeControl "180+1"]
[WhiteFideId "9301348"]
[BlackFideId "1211854"]
[WhiteElo "2985"]
[BlackElo "2500"]
[WhiteTeam "UAE"]
[BlackTeam "ROU"]
[WhiteClock "0:01:13"]
[BlackClock "0:00:00"]

1. d4 d5 2. c4 c6 3. Nc3 Nf6 4. Nf3 e6 5. g3 Nbd7 6. Bg2 dxc4 7. O-O Be7 8. e4 b5 9. h4 b4 10. e5 bxc3 11. exf6 Nxf6 12. bxc3 c5 13. Ne5 Nd5 14. Nc6 Qc7 15. Nxe7 Qxe7 16. Ba3 Bb7 17. Bxc5 Qd7 18. Rb1 f6 19. Qh5+ g6 20. Qh6 Kf7 21. Rfe1 Bc6 22. h5 g5 23. Be4 f5 24. Bg2 Rae8 25. Re5 a6 26. Rbe1 g4 27. f3 Nf6 28. d5 Bxd5 29. Bd4 gxf3 30. Rxf5 1-0

[Event "January 2 Late 2024"]
[Site "https://www.chess.com"]
[Date "2024.01.02"]
[Round "1"]
[White "Perez Rodriguez, Jennifer"]
[Black "Kramnik, Vladimir"]
[Result "0-1"]
[Board "30"]
[TimeControl "180+1"]
[WhiteFideId "3507831"]
[BlackFideId "4101588"]
[WhiteElo "2497"]
[BlackElo "2982"]
[WhiteTeam "PAR"]
[BlackTeam "RUS"]
[WhiteClock "0:00:49"]
[BlackClock "0:01:19"]

1. e4 c5 2. c3 Nf6 3. e5 Nd5 4. Nf3 e6 5. d4 cxd4 6. cxd4 d6 7. Bc4 Be7 8. O-O O-O 9. Qe2 Nc6 10. Qe4 Ndb4 11. Bb3 dxe5 12. dxe5 Qd3 13. Nc3 Qxe4 14. Nxe4 Nd3 15. Rd1 Ncxe5 16. Nxe5 Nxe5 17. Bf4 Ng6 18. Bc7 b6 19. Rac1 Bb7 20. Nd6 Bxd6 21. Bxd6 Rfd8 22. Bc7 Rxd1+ 23. Rxd1 Rc8 24. Bg3 Ne7 25. f3 Bd5 26. Ba4 h5 27. a3 Nf5 28. Bf4 Rc4 0-1

[Event "January 2 Late 2024"]
[Site "https://www.chess.com"]
[Date "2024.01.02"]
[Round "1"]
[White "Rasulov, Vugar"]
[Black "Tao, Sihan"]
[Result "1-0"]
[Board "31"]
[TimeControl "180+1"]
[WhiteFideId "13402390"]
[BlackFideId "30982677"]
[WhiteElo "2977"]
[BlackElo "2497"]
[WhiteTeam "AZE"]
[BlackTeam "USA"]
[WhiteClock "0:01:23"]
[BlackClock "0:01:32"]

1. e4 c6 2. d4 d5 3. e5 Bf5 4. Nd2 e6 5. Nb3 Nd7 6. Nf3 Ne7 7. Be2 Ng6 8. O-O Be7 9. Ne1 Ngf8 10. c3 c5 11. dxc5 Nxc5 12. Nd4 Bg6 13. f4 Nfd7 14. Be3 a6 15. a4 Qc7 16. a5 O-O-O 17. Nef3 Kb8 18. Rc1 Be4 19. b4 Bxf3 20. gxf3 f6 21. bxc5 fxe5 22. Nxe6 1-0

[Event "January 2 Late 2024"]
[Site "https://www.chess.com"]
[Date "2024.01.02"]
[Round "1"]
[White "Balla, Tamas-Kristof"]
[Black "Anton Guijarro, David"]
[Result "0-1"]
[Board "32"]
[TimeControl "180+1"]
[WhiteFideId "1208497"]
[BlackFideId "2285525"]
[WhiteElo "2496"]
[BlackElo "2972"]
[WhiteTeam "ROU"]
[BlackTeam "ESP"]
[WhiteClock "0:00:05"]
[BlackClock "0:00:12"]

1. e4 c5 2. c3 Nf6 3. e5 Nd5 4. d4 cxd4 5. Nf3 d6 6. cxd4 Nc6 7. Bc4 Nb6 8. Bb5 dxe5 9. Nxe5 Bd7 10. Nxd7 Qxd7 11. Nc3 e6 12. O-O Be7 13. Be3 O-O 14. Qg4 Rfd8 15. Rad1 Nd5 16. Bd3 Rac8 17. Bb1 Nf6 18. Qh3 Nb4 19. Bg5 g6 20. Qh4 Nfd5 21. Ne4 Bxg5 22. Qxg5 Qe7 23. Qh6 f6 24. a3 Nc6 25. Rfe1 Qg7 26. Qh3 f5 27. Ng5 Nf4 28. Qe3 Nxd4 29. g3 Nfe2+ 30. Rxe2 Nxe2+ 31. Qxe2 Rxd1+ 32. Qxd1 Qxb2 33. Qd7 Qc1+ 34. Kg2 Qc6+ 35. Qxc6 Rxc6 36. Ba2 Ra6 37. Bxe6+ Kg7 38. Bd5 b6 39. Ne6+ Kf6 40. Nf8 h6 41. Nd7+ Ke7 42. Ne5 Kd6 43. Bc4 Rxa3 44. Nxg6 Kc5 45. Be2 b5 46. Nh4 b4 47. Nxf5 b3 48. Bd3 b2 49. Bc2 Rc3 50. Be4 a5 51. Ne3 Rc1 52. f4 a4 53. f5 b1=Q 54. Bxb1 Rxb1 55. f6 a3 56. f7 Rb8 57. Nc2 a2 58. Kf3 Rf8 59. Ke3 Rxf7 60. Nd4 Kc4 61. Nc2 Kc3 62. Nd4 Re7+ 0-1

[Event "January 2 Late 2024"]
[Site "https://www.chess.com"]
[Date "2024.01.02"]
[Round "1"]
[White "Matlakov, Maxim"]
[Black "Mesquita, Eduardo Barbosa"]
[Result "1-0"]
[Board "33"]
[TimeControl "180+1"]
[WhiteFideId "4168003"]
[BlackFideId "22757163"]
[WhiteElo "2963"]
[BlackElo "2495"]
[WhiteTeam "RUS"]
[BlackTeam "BRA"]
[WhiteClock "0:01:38"]
[BlackClock "0:00:00"]

1. d4 d5 2. Nf3 Nf6 3. Bg5 Ne4 4. Bh4 c5 5. e3 Nc6 6. Nbd2 Bg4 7. Be2 Qd7 8. dxc5 Nxc5 9. O-O e6 10. c4 Bd6 11. cxd5 exd5 12. Rc1 O-O 13. a3 a6 14. b4 Ne6 15. Nb3 Rfe8 16. Re1 Rac8 17. Qd2 Bb8 18. Rcd1 Nc7 19. Nc5 Qf5 20. Nxb7 Nb5 21. Nc5 Nxa3 22. Nxa6 Ba7 23. Qxd5 Nc2 24. Qxf5 Bxf5 25. Rf1 N6xb4 26. Nxb4 Nxb4 27. h3 h6 28. Bb5 Re6 29. Bd7 Rc5 30. Nd4 1-0

[Event "January 2 Late 2024"]
[Site "https://www.chess.com"]
[Date "2024.01.02"]
[Round "1"]
[White "Play, Gilles"]
[Black "Grigoriants, Sergey"]
[Result "0-1"]
[Board "34"]
[TimeControl "180+1"]
[WhiteFideId "45130892"]
[BlackFideId "4130804"]
[WhiteElo "2495"]
[BlackElo "2961"]
[WhiteTeam "FRA"]
[BlackTeam "HUN"]
[WhiteClock "0:02:32"]
[BlackClock "0:01:57"]

1. e4 e6 2. d4 d5 3. Nc3 Nf6 4. e5 Nfd7 5. f4 c5 6. Nf3 Nc6 7. Be3 a6 8. Qd2 b5 9. a3 Qa5 10. Be2 b4 11. Nd1 bxa3 12. Qxa5 Nxa5 13. Rxa3 cxd4 14. Rxa5 dxe3 15. Nxe3 Bb4+ 0-1

[Event "January 2 Late 2024"]
[Site "https://www.chess.com"]
[Date "2024.01.02"]
[Round "1"]
[White "Bok, Benjamin"]
[Black "Unuk, Laura"]
[Result "1-0"]
[Board "35"]
[TimeControl "180+1"]
[WhiteFideId "1017063"]
[BlackFideId "14609215"]
[WhiteElo "2954"]
[BlackElo "2495"]
[WhiteTeam "NED"]
[BlackTeam "SLO"]
[WhiteClock "0:00:14"]
[BlackClock "0:00:03"]

1. d4 Nf6 2. c4 c5 3. Nf3 cxd4 4. Nxd4 g6 5. g3 Bg7 6. Bg2 O-O 7. Nc3 Nc6 8. O-O Nxd4 9. Qxd4 d6 10. Qd3 Bf5 11. e4 Bd7 12. h3 Rc8 13. Bd2 Bc6 14. Rac1 Nd7 15. b3 a6 16. Rfd1 Nc5 17. Qe2 Qc7 18. Nd5 Bxd5 19. cxd5 Qd7 20. h4 b5 21. h5 e5 22. dxe6 Qxe6 23. Bf4 Rcd8 24. Rd5 Rfe8 25. Rcd1 Nxe4 26. Qxe4 Qxe4 27. Bxe4 Rxe4 28. Rxd6 Ra8 29. Rxa6 Rae8 30. Rd7 Bd4 31. Rad6 Be5 32. Bxe5 R4xe5 33. h6 Kf8 34. Rb7 Rh5 35. Rdd7 Rf5 36. Kg2 g5 37. g4 Rf4 38. Kg3 Rf6 39. Rxb5 Rxh6 40. Rxg5 Ra6 41. a4 Rb8 42. Rb5 Rxb5 43. axb5 Rb6 44. Rd5 Ke7 45. Kf4 Ke6 46. Ke4 Ke7 47. f4 Rg6 48. g5 Re6+ 49. Re5 Kd6 50. Rxe6+ 1-0

[Event "January 2 Late 2024"]
[Site "https://www.chess.com"]
[Date "2024.01.02"]
[Round "1"]
[White "Hernando Rodrigo, Julio Antonio"]
[Black "Kamsky, Gata"]
[Result "0-1"]
[Board "36"]
[TimeControl "180+1"]
[WhiteFideId "2208350"]
[BlackFideId "2000024"]
[WhiteElo "2494"]
[BlackElo "2954"]
[WhiteTeam "ESP"]
[BlackTeam "USA"]
[WhiteClock "0:01:07"]
[BlackClock "0:02:26"]

1. d4 f5 2. Nf3 Nf6 3. c4 g6 4. g3 Bg7 5. Bg2 d6 6. O-O c6 7. Nc3 O-O 8. d5 e5 9. dxe6 Bxe6 10. b3 Na6 11. Ng5 Bc8 12. Ba3 Ne8 13. Bd5+ cxd5 14. Qxd5+ Kh8 15. Nf7+ Rxf7 16. Qxf7 Nac7 0-1

[Event "January 2 Late 2024"]
[Site "https://www.chess.com"]
[Date "2024.01.02"]
[Round "1"]
[White "Yoo, Christopher Woojin"]
[Black "Olsson, Linus"]
[Result "1-0"]
[Board "37"]
[TimeControl "180+1"]
[WhiteFideId "30909694"]
[BlackFideId "1706098"]
[WhiteElo "2943"]
[BlackElo "2492"]
[WhiteTeam "USA"]
[BlackTeam "SWE"]
[WhiteClock "0:01:19"]
[BlackClock "0:00:13"]

1. Nf3 g6 2. d4 Bg7 3. e4 d6 4. Bc4 Nf6 5. Nc3 O-O 6. h3 c6 7. e5 dxe5 8. Nxe5 Nbd7 9. O-O Nb6 10. Bb3 Nbd5 11. Na4 Qc7 12. Re1 b5 13. Nc5 a5 14. a4 b4 15. Qf3 Bb7 16. Bg5 Rad8 17. Re2 Bc8 18. Rae1 e6 19. Bxd5 Nxd5 20. Bxd8 Rxd8 21. h4 h5 22. g3 Rf8 23. c4 bxc3 24. bxc3 Rd8 25. Rb1 Rf8 26. Nc4 Ne7 27. Reb2 Nd5 28. Rb8 Kh7 29. Ra8 Ne7 30. Nb6 Kg8 31. Nxc8 Nxc8 32. Rb7 Qd6 33. Rd7 1-0

[Event "January 2 Late 2024"]
[Site "https://www.chess.com"]
[Date "2024.01.02"]
[Round "1"]
[White "Piscicelli, Daniel Orlando"]
[Black "Santos Latasa, Jaime"]
[Result "0-1"]
[Board "38"]
[TimeControl "180+1"]
[WhiteFideId "101958"]
[BlackFideId "2293307"]
[WhiteElo "2491"]
[BlackElo "2935"]
[WhiteTeam "ARG"]
[BlackTeam "ESP"]
[WhiteClock "0:01:58"]
[BlackClock "0:02:41"]

1. e4 c5 2. Nc3 Nc6 3. f4 g6 4. Bc4 Bg7 5. Nf3 e6 6. d3 Nge7 7. O-O d5 8. Bb5 O-O 9. Qe1 Nd4 10. Nxd4 cxd4 11. Ne2 Qb6 12. Ba4 dxe4 13. dxe4 d3+ 14. Qf2 dxe2 15. Qxb6 exf1=Q+ 16. Kxf1 axb6 17. Bb3 Nc6 18. c3 e5 19. f5 gxf5 20. exf5 Bxf5 21. Be3 Na5 22. Bd5 Be6 23. Be4 Nc4 24. Bf2 Nd2+ 25. Ke2 Nxe4 0-1

[Event "January 2 Late 2024"]
[Site "https://www.chess.com"]
[Date "2024.01.02"]
[Round "1"]
[White "Alekseenko, Kirill"]
[Black "Garcia Almaguer, Juan Manuel"]
[Result "1-0"]
[Board "39"]
[TimeControl "180+1"]
[WhiteFideId "4135539"]
[BlackFideId "5110491"]
[WhiteElo "2934"]
[BlackElo "2491"]
[WhiteTeam "AUT"]
[BlackTeam "MEX"]
[WhiteClock "0:00:20"]
[BlackClock "0:00:07"]

1. e4 e5 2. Nf3 Nc6 3. Bc4 Nf6 4. d3 h6 5. Nc3 d6 6. a4 a5 7. O-O Be6 8. b3 g5 9. Re1 Bg7 10. Nd2 Bg4 11. f3 Be6 12. Nf1 Nd4 13. Ne2 Bxc4 14. bxc4 Ne6 15. Ne3 Nd7 16. Nf5 Bf6 17. Be3 Ndc5 18. Nc3 c6 19. Rb1 Nd4 20. Bxd4 exd4 21. Ne2 Nxa4 22. Rxb7 Nc5 23. Rb1 Ne6 24. Neg3 h5 25. Qc1 Be5 26. Qa3 g4 27. fxg4 hxg4 28. Rf1 Nf4 29. Rb7 Qf6 30. Qa4 Rc8 31. Qxa5 O-O 32. Rxf4 Bxf4 33. Nh5 Qg5 34. Ne7+ Kh7 35. Qxg5 Bxg5 36. Nxc8 Rxc8 37. Ng3 Kg6 38. Nf5 Bh6 39. Ne7+ Kf6 40. Nxc8 1-0

[Event "January 2 Late 2024"]
[Site "https://www.chess.com"]
[Date "2024.01.02"]
[Round "1"]
[White "Gutierrez Olivares, Daniel"]
[Black "Kovalev, Vladislav"]
[Result "0-1"]
[Board "40"]
[TimeControl "180+1"]
[WhiteFideId "2264005"]
[BlackFideId "13504398"]
[WhiteElo "2488"]
[BlackElo "2933"]
[WhiteTeam "ESP"]
[BlackTeam "FID"]
[WhiteClock "0:00:00"]
[BlackClock "0:00:28"]

1. Nf3 Nf6 2. g3 d5 3. c4 e6 4. Bg2 dxc4 5. Qa4+ Nbd7 6. Qxc4 a6 7. Qc2 c5 8. O-O Be7 9. d3 O-O 10. b3 Rb8 11. Bb2 b5 12. Nbd2 Bb7 13. Rfd1 Qb6 14. e4 Rfd8 15. Rac1 Rbc8 16. h3 Nb8 17. Ne5 Nfd7 18. Ndf3 Nxe5 19. Nxe5 f6 20. Nf3 Nc6 21. a3 e5 22. h4 Rc7 23. Bh3 Bc8 24. Bxc8 Rcxc8 25. h5 Qb7 26. Nh4 Qd7 27. Nf5 Bf8 28. Kg2 Qf7 29. Rh1 Qe6 30. Rb1 Nd4 31. Bxd4 cxd4 32. Qe2 Rc3 33. Qg4 Kh8 34. Qf3 Bxa3 35. g4 h6 36. Nh4 Rdc8 37. Ng6+ Kg8 38. Rh3 b4 39. Rg3 a5 40. Qf5 Qxf5 41. Ne7+ Kf7 42. Nxf5 R8c6 43. Rh3 a4 44. bxa4 b3 45. f4 b2 46. Rhh1 Rc1 47. fxe5 fxe5 0-1

[Event "January 2 Late 2024"]
[Site "https://www.chess.com"]
[Date "2024.01.02"]
[Round "1"]
[White "Popov, Konstantin"]
[Black "Gaal, Zsoka"]
[Result "1-0"]
[Board "41"]
[TimeControl "180+1"]
[WhiteFideId "34137910"]
[BlackFideId "777765"]
[WhiteElo "2922"]
[BlackElo "2486"]
[WhiteTeam "FID"]
[BlackTeam "HUN"]
[WhiteClock "0:00:15"]
[BlackClock "0:00:01"]

1. e4 c6 2. d4 d5 3. e5 g6 4. Bd3 h5 5. Bf4 Nh6 6. h3 Bf5 7. Nf3 Bxd3 8. Qxd3 e6 9. Nbd2 Nf5 10. c3 Qb6 11. O-O c5 12. a4 Nc6 13. a5 Qa6 14. Qxa6 bxa6 15. dxc5 Bxc5 16. b4 Be7 17. g4 hxg4 18. hxg4 Nh4 19. Bg3 Rc8 20. Bxh4 Bxh4 21. Kg2 Be7 22. Nb3 Nb8 23. Rac1 Nd7 24. Nbd2 Bf8 25. c4 dxc4 26. Nxc4 Rb8 27. Rfd1 Bxb4 28. Nd6+ Bxd6 29. Rxd6 Ke7 30. Rc7 Rhd8 31. Rxa6 Ke8 32. Raxa7 Rbc8 33. Rcb7 Rb8 34. a6 Rxb7 35. axb7 Rb8 36. Kg3 Ke7 37. Nd4 Nxe5 38. f4 Kd6 39. fxe5+ Kc7 40. Nf3 Kb6 41. Ra8 Rxb7 42. Rf8 Kc5 43. Ng5 Kd5 44. Rxf7 Rb3+ 45. Nf3 Ke4 46. Rf4+ Ke3 47. Rf6 Ke4 48. Kh4 Rxf3 49. Rxf3 Kxf3 50. Kg5 Ke4 51. Kf6 Kf4 52. g5 Ke4 53. Kxe6 Kf4 54. Kf6 1-0

[Event "January 2 Late 2024"]
[Site "https://www.chess.com"]
[Date "2024.01.02"]
[Round "1"]
[White "Kotyk, Michael"]
[Black "Tari, Aryan"]
[Result "0-1"]
[Board "42"]
[TimeControl "180+1"]
[WhiteFideId "16214501"]
[BlackFideId "1510045"]
[WhiteElo "2484"]
[BlackElo "2919"]
[WhiteTeam "GER"]
[BlackTeam "NOR"]
[WhiteClock "0:00:42"]
[BlackClock "0:01:49"]

1. d4 d5 2. c4 e6 3. Nc3 c5 4. cxd5 cxd4 5. Qxd4 Nc6 6. Qa4 exd5 7. Nf3 Nf6 8. e3 Bb4 9. Bd2 O-O 10. Be2 Re8 11. a3 Bxc3 12. Bxc3 Ne4 13. Bd4 Bd7 14. Qd1 Bg4 15. O-O Qd6 16. h3 Bh5 17. Rc1 Rac8 18. b4 a6 19. Bb2 Bg6 20. Nd4 Ne5 21. f4 Nc4 22. Bxc4 dxc4 23. f5 c3 24. Ba1 Qg3 25. fxg6 Qxe3+ 26. Kh2 Qg3+ 27. Kg1 Qe3+ 28. Kh2 hxg6 29. Nf3 Qf4+ 30. Kg1 Ng3 31. Re1 Rxe1+ 32. Nxe1 Qxc1 0-1

[Event "January 2 Late 2024"]
[Site "https://www.chess.com"]
[Date "2024.01.02"]
[Round "1"]
[White "Zhigalko, Sergei"]
[Black "Suvorov, Luca"]
[Result "1-0"]
[Board "43"]
[TimeControl "180+1"]
[WhiteFideId "13502956"]
[BlackFideId "12977071"]
[WhiteElo "2917"]
[BlackElo "2482"]
[WhiteTeam "BLR"]
[BlackTeam "GER"]
[WhiteClock "0:00:08"]
[BlackClock "0:00:02"]

1. e4 d6 2. d4 Nf6 3. Nc3 Nbd7 4. Nf3 e5 5. Bc4 Be7 6. O-O O-O 7. a4 c6 8. Re1 Qc7 9. Ba2 Rd8 10. Ng5 Rf8 11. h3 h6 12. Nf3 Rd8 13. Be3 Nf8 14. Nh4 d5 15. exd5 Nxd5 16. Nxd5 cxd5 17. Qh5 Qxc2 18. dxe5 Be6 19. Bd4 Qxa4 20. Nf3 Ng6 21. Bxd5 Qxa1 22. Bxe6 Qxe1+ 23. Nxe1 Rxd4 24. Qxg6 fxe6 25. Qxe6+ Kf8 26. Qf5+ Kg8 27. Qe6+ Kf8 28. Nf3 Rb4 29. Qg6 Bc5 30. Qe6 Re8 31. Qd5 Be7 32. Nd4 Rb6 33. Ne6+ Rxe6 34. Qxe6 Bc5 35. Qd5 b6 36. Kf1 Re7 37. g3 Ke8 38. f4 Rd7 39. Qe6+ Re7 40. Qc6+ Kf8 41. h4 g5 42. Qxh6+ Ke8 43. hxg5 1-0

[Event "January 2 Late 2024"]
[Site "https://www.chess.com"]
[Date "2024.01.02"]
[Round "1"]
[White "Sreyas Payyappat"]
[Black "Harsha Bharathakoti"]
[Result "0-1"]
[Board "44"]
[TimeControl "180+1"]
[WhiteFideId "46674969"]
[BlackFideId "5078776"]
[WhiteElo "2481"]
[BlackElo "2914"]
[WhiteTeam "IND"]
[BlackTeam "IND"]
[WhiteClock "0:00:07"]
[BlackClock "0:00:05"]

1. e4 Nc6 2. d4 d5 3. exd5 Qxd5 4. Nf3 Bg4 5. Be2 O-O-O 6. c4 Qf5 7. Be3 Bxf3 8. Bxf3 Nxd4 9. Bxd4 Qe6+ 10. Be2 Qe4 11. Qa4 Qxd4 12. O-O Qxb2 13. Qxa7 e6 14. Bf3 Qb6 15. Qa8+ Kd7 16. Qa4+ c6 17. Nc3 Qb4 18. Qa7 Bc5 19. Rad1+ Kc7 20. a3 Bxa7 21. axb4 Nf6 22. c5 Nd5 23. Nxd5+ cxd5 24. Ra1 Kb8 25. Rfc1 Rc8 26. Be2 Rc7 27. Ra2 b6 28. c6 b5 29. Bxb5 Bb6 30. Ra6 Ba7 31. Rca1 Rd8 32. Kf1 d4 33. Ke2 e5 34. Kd3 f5 35. f3 Re8 36. Bc4 e4+ 37. fxe4 fxe4+ 38. Ke2 d3+ 39. Kd2 Rd8 40. b5 e3+ 41. Kc3 Bd4+ 42. Kb4 Bxa1 43. Rxa1 d2 44. Be2 Rf7 45. b6 Rd6 46. c7+ Kb7 47. Bf3+ Rxf3 48. Ra7+ Kxb6 49. c8=Q d1=Q 50. Qb8+ Kc6 51. Rc7+ Kd5 52. Qb5+ Ke6 53. Qe8+ Kf5 54. Rf7+ Rf6 55. Qc8+ Kg6 56. Rxf6+ Kxf6 57. gxf3 Qd2+ 58. Kc4 Qc2+ 59. Kd4 Qxc8 60. Kxe3 Qe8+ 61. Kf4 Qe5+ 0-1

[Event "January 2 Late 2024"]
[Site "https://www.chess.com"]
[Date "2024.01.02"]
[Round "1"]
[White "Liascovich, Lucas"]
[Black "Salazar Farias, Luis German"]
[Result "1-0"]
[Board "45"]
[TimeControl "180+1"]
[WhiteFideId "108634"]
[BlackFideId "3902170"]
[WhiteElo "2909"]
[BlackElo "2480"]
[WhiteTeam "ARG"]
[BlackTeam "VEN"]
[WhiteClock "0:01:00"]
[BlackClock "0:00:00"]

1. e4 c5 2. Nf3 d6 3. Nc3 Nc6 4. Bb5 e5 5. O-O Nf6 6. d3 Be7 7. Nd5 Nxd5 8. exd5 a6 9. Ba4 b5 10. c3 Nb8 11. Bc2 O-O 12. d4 exd4 13. cxd4 c4 14. Re1 Bb7 15. Qe2 Bf6 16. Qe4 g6 17. Bh6 Bg7 18. Bg5 Bf6 19. h4 Nd7 20. Qf4 Bxd5 21. Nh2 Be6 22. d5 Bxd5 23. Ng4 Bxg5 24. hxg5 f5 25. Nh6+ Kg7 26. Qd4+ Nf6 27. Rad1 Bg8 28. gxf6+ Qxf6 29. Nxg8 1-0

[Event "January 2 Late 2024"]
[Site "https://www.chess.com"]
[Date "2024.01.02"]
[Round "1"]
[White "Marn, Jan"]
[Black "Ibarra Jerez, Jose Carlos"]
[Result "0-1"]
[Board "46"]
[TimeControl "180+1"]
[WhiteFideId "14619245"]
[BlackFideId "2226332"]
[WhiteElo "2480"]
[BlackElo "2903"]
[WhiteTeam "SLO"]
[BlackTeam "ESP"]
[WhiteClock "0:00:11"]
[BlackClock "0:00:34"]

1. f4 d5 2. Nf3 g6 3. e3 Bg7 4. Be2 c5 5. O-O Nc6 6. d3 Nh6 7. Qe1 O-O 8. a4 b6 9. Nc3 Ba6 10. e4 Nb4 11. Bd1 dxe4 12. Nxe4 Nf5 13. Bd2 Bxb2 14. Rb1 Bg7 15. Bxb4 cxb4 16. Qxb4 Rc8 17. Re1 Qc7 18. Qd2 Rfd8 19. Kh1 Bb7 20. a5 bxa5 21. Ne5 Nd4 22. c3 Nf5 23. Bb3 e6 24. Qf2 Ba8 25. Ng5 Bxe5 26. fxe5 Rxd3 27. Nxe6 Qb6 28. Qxb6 axb6 29. Ng5 Rd2 30. Rg1 Nh4 31. Nxf7 Nxg2 32. Rxg2 Rxg2 33. h4 Rb2+ 0-1